[Event "Titled Tuesday Blitz December 27 Early 2022"]
[White "Mohammadian, Mohammad"]
[Black "Araujo, Everson De Moura"]
[WhiteFideId "12566055"]
[BlackFideId "22737197"]
[WhiteElo "1398"]
[BlackElo "1944"]
[Result "0-1"]
[Round "05"]
[TimeControl "180+2"]
[Date "2022.12.27"]
[WhiteClock "0:00:20"]
[BlackClock "0:00:05"]

1. e4 e6 2. d4 d5 3. Nd2 Nf6 4. e5 Nfd7 5. Bd3 c5 6. c3 Nc6 7. Ne2 Qb6 8. Nf3 cxd4 9. cxd4 Bb4+ 10. Bd2 h6 11. O-O Bxd2 12. Qxd2 O-O 13. Rac1 f6 14. exf6 Nxf6 15. Bb1 Bd7 16. Rc3 Rac8 17. Rfc1 Ne7 18. Rxc8 Rxc8 19. Rxc8+ Nxc8 20. Ne5 Nd6 21. Ng3 Be8 22. Qc2 Qd8 23. f3 Nf7 24. Nxf7 Bxf7 25. Ne2 Kh8 26. Nf4 Qe8 27. Ng6+ Bxg6 28. Qxg6 Qxg6 29. Bxg6 Kg8 30. Kf2 Kf8 31. Ke3 Ke7 32. h4 Kd6 33. a3 a5 34. Kd3 b5 35. Kc3 Nd7 36. b4 a4 37. Bd3 Kc6 38. Bg6 Nf8 39. Bd3 g5 40. hxg5 hxg5 41. g3 Nd7 42. f4 gxf4 43. gxf4 Nb6 44. f5 exf5 45. Bxf5 Nc4 46. Bg6 Nxa3 47. Be8+ Kb6 48. Bf7 Kc6 49. Be8+ Kd6 50. Kb2 Nc4+ 51. Kc3 Na3 52. Kb2 Nc4+ 53. Ka2 Nd2 54. Bxb5 Nf3 55. Bxa4 Nxd4 56. Bd1 Kc6 57. Ka3 Kb5 58. Ba4+ Kc4 59. Bd1 Nb5+ 60. Ka4 Nc3+ 61. Ka5 Nxd1 62. b5 Nb2 63. Ka6 Nd3 64. b6 Nc5+ 65. Ka7 d4 66. b7 Nxb7 67. Kxb7 d3 68. Kb6 d2 69. Kb7 d1=Q 70. Kb6 Qd5 71. Ka7 Qb5 72. Ka8 Qb2 73. Ka7 Kc5 74. Ka8 Kc6 75. Ka7 Qb7# 0-1


[Site "https://www.chess.com"]

[Event "Titled Tuesday Blitz December 27 Early 2022"]
[White "Mohammed, Zozek Salah Mohammed"]
[Black "Larina, Maria"]
[WhiteFideId "4803361"]
[BlackFideId "24113182"]
[WhiteElo "2210"]
[BlackElo "1948"]
[Result "1-0"]
[Round "05"]
[TimeControl "180+2"]
[Date "2022.12.27"]
[WhiteClock "0:00:47"]
[BlackClock "0:00:10"]

1. d4 f5 2. Nf3 Nf6 3. g3 g6 4. Bg2 Bg7 5. O-O O-O 6. c4 d6 7. Nc3 Nc6 8. d5 Na5 9. Qd3 e5 10. dxe6 Bxe6 11. b3 Nc6 12. Bb2 Ne4 13. Rfd1 Nb4 14. Qe3 Nc2 15. Qd3 Nxa1 16. Bxa1 Nxc3 17. Bxc3 Bxc3 18. Qxc3 c6 19. h4 Qe7 20. h5 Rad8 21. h6 Qf6 22. Qb4 Bc8 23. Qa5 a6 24. Qc7 Qf7 25. Qb6 Qe7 26. e3 g5 27. Qd4 f4 28. exf4 gxf4 29. Re1 Qf6 30. Qxf6 Rxf6 31. gxf4 Rxf4 32. Re7 Rf7 33. Re3 Bg4 34. Nd4 Rdf8 35. Rg3 Kh8 36. Rxg4 Rxf2 37. Ne6 Re8 38. Kxf2 Rxe6 39. Rh4 Rf6+ 40. Bf3 Kg8 41. Ke3 Kf7 42. Be4 Re6 43. Kd4 c5+ 44. Kd3 Rf6 45. Bxh7 Rf3+ 46. Ke2 Rg3 47. Be4 Rc3 48. h7 1-0


[Site "https://www.chess.com"]

[Event "Titled Tuesday Blitz December 27 Early 2022"]
[White "Moral Garcia, Serafin"]
[Black "Cardoso Cardoso, Jose Gabriel"]
[WhiteFideId "2201925"]
[BlackFideId "4430492"]
[WhiteElo "2238"]
[BlackElo "2492"]
[Result "1/2-1/2"]
[Round "05"]
[TimeControl "180+2"]
[Date "2022.12.27"]
[WhiteClock "0:00:06"]
[BlackClock "0:00:25"]

1. c4 g6 2. Nc3 Bg7 3. g3 d6 4. Bg2 h5 5. h4 c5 6. d3 Nc6 7. Rb1 Nh6 8. Bd2 Nf5 9. a3 Rb8 10. b4 Qd7 11. e3 b6 12. Nge2 Bb7 13. Nf4 Ne5 14. O-O Bxg2 15. Kxg2 Qc6+ 16. f3 Bh6 17. Qe2 e6 18. Ne4 Bg7 19. Bc3 O-O 20. Rfc1 d5 21. cxd5 exd5 22. Nd2 Qd6 23. e4 dxe4 24. dxe4 Nd4 25. Bxd4 cxd4 26. Nd3 Rbc8 27. Nxe5 Qxe5 28. Qd3 Qe6 29. Rc4 b5 30. Rc5 Rxc5 31. bxc5 a6 32. Rc1 Rc8 33. Nb3 Qd7 34. Na5 Qc7 35. Nb3 a5 36. Qxb5 a4 37. Qxa4 d3 38. Qc4 Rd8 39. Rd1 Qe5 40. Rxd3 Qb2+ 41. Kh3 Ra8 42. c6 Qb1 43. Kg2 Be5 44. f4 Ra4 45. Qxa4 Qxd3 46. fxe5 Qe2+ 47. Kg1 Qe1+ 48. Kg2 Qe2+ 49. Kg1 Qe1+ 50. Kg2 Qe2+ 1/2-1/2


[Site "https://www.chess.com"]

[Event "Titled Tuesday Blitz December 27 Early 2022"]
[White "Moreno Perez, Tobias Sebastian"]
[Black "Oro, Faustino"]
[WhiteFideId "186716"]
[BlackFideId "20000197"]
[WhiteElo "2256"]
[BlackElo "2269"]
[Result "0-1"]
[Round "05"]
[TimeControl "180+2"]
[Date "2022.12.27"]
[WhiteClock "0:00:02"]
[BlackClock "0:00:41"]

1. Nf3 Nf6 2. b3 e6 3. Bb2 Be7 4. c4 O-O 5. g3 c5 6. Bg2 Nc6 7. O-O d5 8. cxd5 Nxd5 9. Nc3 Bf6 10. Qc1 b6 11. Nxd5 exd5 12. d4 Ba6 13. Re1 Rc8 14. dxc5 Nb4 15. Bxf6 Qxf6 16. Qd2 bxc5 17. a3 Nc6 18. Rac1 c4 19. Qxd5 Rfd8 20. Qg5 cxb3 21. Qxf6 gxf6 22. Rb1 Na5 23. e3 Bd3 24. Rb2 Rc2 25. Rxc2 Bxc2 26. Nd4 Rxd4 27. exd4 b2 28. Bd5 b1=Q 29. Rxb1 Bxb1 30. Kf1 Kf8 31. Ke1 Ke7 32. Kd2 Bf5 33. Kc3 Be6 34. Be4 f5 35. Bd3 Kd6 36. f4 Nc6 37. Bc2 Ne7 38. Kd3 Bd5 39. Ba4 Be4+ 40. Kd2 Nd5 41. Bb3 Ke7 42. Bc4 Nf6 43. h4 Nh5 44. Ke3 Nxg3 45. d5 Kd6 46. Kd4 Nh5 0-1


[Site "https://www.chess.com"]

[Event "Titled Tuesday Blitz December 27 Early 2022"]
[White "Moskvin, Anatoly"]
[Black "Jaracz, Pawel"]
[WhiteFideId "24199990"]
[BlackFideId "1102222"]
[WhiteElo "2189"]
[BlackElo "2467"]
[Result "1-0"]
[Round "05"]
[TimeControl "180+2"]
[Date "2022.12.27"]
[WhiteClock "0:00:55"]
[BlackClock "0:00:02"]

1. e4 c5 2. Nf3 Nc6 3. Bb5 Qb6 4. a4 e6 5. O-O a6 6. Bxc6 bxc6 7. a5 Qc7 8. Re1 e5 9. d3 d6 10. h3 g6 11. Nbd2 Bg7 12. Nc4 Be6 13. Nb6 Rd8 14. c3 Ne7 15. Ng5 Bc8 16. f4 O-O 17. Rf1 f6 18. Qb3+ d5 19. Nf3 Be6 20. fxe5 fxe5 21. Ng5 Rxf1+ 22. Kxf1 Qd6 23. Be3 Rf8+ 24. Kg1 Bh6 25. Rd1 Kh8 26. c4 d4 27. Bc1 Bg8 28. Qc2 Qf6 29. Nf3 Bxc1 30. Qxc1 Kg7 31. Nd7 Qd6 32. Nxf8 Kxf8 33. Qg5 1-0


[Site "https://www.chess.com"]

[Event "Titled Tuesday Blitz December 27 Early 2022"]
[White "Movahed, Sina"]
[Black "Aravindh, Chithambaram VR."]
[WhiteFideId "42520835"]
[BlackFideId "5072786"]
[WhiteElo "2340"]
[BlackElo "2633"]
[Result "1-0"]
[Round "05"]
[TimeControl "180+2"]
[Date "2022.12.27"]
[WhiteClock "0:00:40"]
[BlackClock "0:00:01"]

1. Nf3 Nc6 2. d4 d5 3. g3 g6 4. Bg2 Bg7 5. O-O h5 6. c4 dxc4 7. d5 Ne5 8. Nxe5 Bxe5 9. Na3 h4 10. Nxc4 Bf6 11. e4 b5 12. Na5 Bd7 13. Qe2 hxg3 14. hxg3 Bd4 15. e5 Bb6 16. b4 Qc8 17. e6 fxe6 18. dxe6 Bxe6 19. Bb2 Rh5 20. Be4 Kf7 21. Qf3+ Nf6 22. Bxf6 exf6 23. Bxa8 Bg4 24. Qb3+ Kg7 25. Bg2 Bh3 26. Qf3 Bg4 27. Qf4 g5 28. Qe4 Bf5 29. Qe7+ Kg6 30. Nc6 Rh7 31. Qe2 Qf8 32. Rfe1 Bd7 33. Ne7+ Kg7 34. Qd3 1-0


[Site "https://www.chess.com"]

[Event "Titled Tuesday Blitz December 27 Early 2022"]
[White "Musovic, Armin"]
[Black "Zaichenko, Daria"]
[WhiteFideId "939935"]
[BlackFideId "4197453"]
[WhiteElo "2261"]
[BlackElo "2104"]
[Result "1-0"]
[Round "05"]
[TimeControl "180+2"]
[Date "2022.12.27"]
[WhiteClock "0:00:32"]
[BlackClock "0:00:55"]

1. a3 d5 2. Nc3 d4 3. Ne4 f5 4. Ng3 e5 5. e4 f4 6. Qh5+ g6 7. Qxe5+ Qe7 8. Qxh8 Nf6 9. d3 fxg3 10. hxg3 Nbd7 11. Bh6 b6 12. O-O-O Bb7 13. e5 O-O-O 14. exf6 Bxh6+ 15. Rxh6 Nxf6 16. Qxd8+ Kxd8 17. Nf3 Bxf3 18. gxf3 Ng4 19. Rh4 Nxf2 20. Rxd4+ Kc8 21. Re4 Nxe4 22. dxe4 Qg5+ 23. Kb1 Qxg3 24. Ba6+ Kb8 25. Rd8# 1-0


[Site "https://www.chess.com"]

[Event "Titled Tuesday Blitz December 27 Early 2022"]
[White "Najdin, Danil"]
[Black "Bashirli, Saadat"]
[WhiteFideId "4172426"]
[BlackFideId "13429990"]
[WhiteElo "2235"]
[BlackElo "1571"]
[Result "0-1"]
[Round "05"]
[TimeControl "180+2"]
[Date "2022.12.27"]
[WhiteClock "0:00:23"]
[BlackClock "0:00:52"]

1. e4 c5 2. Nf3 g6 3. d4 cxd4 4. Nxd4 Nc6 5. Nc3 Nf6 6. Be3 Bg7 7. Bc4 O-O 8. Bb3 a5 9. Ndb5 a4 10. Nxa4 Rxa4 11. Bxa4 Qa5+ 12. Nc3 Nxe4 13. Bxc6 Nxc3 14. Qd2 dxc6 15. O-O Rd8 16. Qe1 Bg4 17. Bd2 Rxd2 18. h3 Ne2+ 19. Kh1 Qh5 20. Qxd2 Bxh3 21. f3 Bg4# 0-1


[Site "https://www.chess.com"]

[Event "Titled Tuesday Blitz December 27 Early 2022"]
[White "Omariev, Maksim"]
[Black "Suleymanli, Suleyman"]
[WhiteFideId "4193423"]
[BlackFideId "13416375"]
[WhiteElo "2304"]
[BlackElo "2269"]
[Result "0-1"]
[Round "05"]
[TimeControl "180+2"]
[Date "2022.12.27"]
[WhiteClock "0:00:01"]
[BlackClock "0:02:11"]

1. g4 d5 2. Bg2 Bxg4 3. c4 e6 4. Qb3 Nc6 5. cxd5 exd5 6. Bxd5 Nd4 7. Qa4+ c6 8. Qxd4 Qxd5 9. Qxd5 cxd5 10. Nc3 Nf6 11. h3 Be6 12. Nb5 Rc8 13. Nxa7 Rc5 14. a4 Ra5 15. Nb5 Bd7 16. Nd4 Rxa4 17. Rxa4 Bxa4 18. b3 Bd7 19. Ngf3 Bb4 20. Bb2 Ke7 21. h4 Ra8 22. Kd1 Ra2 23. Kc1 Ne4 24. Kb1 Ra8 25. d3 Nc3+ 26. Kc2 Rc8 0-1


[Site "https://www.chess.com"]

[Event "Titled Tuesday Blitz December 27 Early 2022"]
[White "Oparin, Grigoriy"]
[Black "Moroni, Luca Jr"]
[WhiteFideId "24125890"]
[BlackFideId "865834"]
[WhiteElo "2667"]
[BlackElo "2535"]
[Result "1-0"]
[Round "05"]
[TimeControl "180+2"]
[Date "2022.12.27"]
[WhiteClock "0:00:06"]
[BlackClock "0:00:03"]

1. e4 g6 2. d4 Bg7 3. Nf3 d6 4. Bd3 Nf6 5. O-O O-O 6. Re1 Nc6 7. c3 e5 8. h3 Nh5 9. Bg5 Qe8 10. Na3 a6 11. Rc1 h6 12. Be3 Kh7 13. Qd2 Qe7 14. b4 Qf6 15. Kh2 g5 16. Ng1 g4 17. Be2 exd4 18. cxd4 Nxd4 19. Bxg4 Nc6 20. g3 Qg6 21. Bf5 Bxf5 22. exf5 Qxf5 23. g4 Qe5+ 24. f4 Qb2 25. Qxb2 Bxb2 26. Rxc6 bxc6 27. Nc4 Bc3 28. Rc1 Bxb4 29. gxh5 Rfe8 30. Bf2 Re4 31. Kg3 Rae8 32. Kf3 f5 33. Rc2 Rf8 34. Ne2 Ree8 35. a3 c5 36. axb4 cxb4 37. Nd4 Re4 38. Nc6 Rfe8 39. Nxb4 c5 40. Nd5 a5 41. Nxd6 R8e6 42. Nxe4 fxe4+ 43. Ke2 a4 44. Bxc5 1-0


[Site "https://www.chess.com"]

[Event "Titled Tuesday Blitz December 27 Early 2022"]
[White "Orozbaev, Eldiar"]
[Black "Martic, Ivan"]
[WhiteFideId "13802240"]
[BlackFideId "929301"]
[WhiteElo "2235"]
[BlackElo "2301"]
[Result "0-1"]
[Round "05"]
[TimeControl "180+2"]
[Date "2022.12.27"]
[WhiteClock "0:00:07"]
[BlackClock "0:00:05"]

1. e4 c5 2. c3 d5 3. exd5 Qxd5 4. d4 Nf6 5. Nf3 e6 6. Na3 Nc6 7. Nb5 Qd8 8. dxc5 Bxc5 9. Qxd8+ Kxd8 10. Bf4 Ne4 11. O-O-O+ Ke7 12. Nc7 Rb8 13. b4 Bb6 14. Nb5 Nxf2 15. Bd6+ Kf6 16. Bxb8 Nxb8 17. Bc4 Nxh1 18. Rxh1 Nc6 19. Rf1 Ke7 20. a4 a6 21. Na3 Bd7 22. Re1 Rc8 23. Kb2 h6 24. a5 Ba7 25. Bb3 f6 26. Nc4 e5 27. Ne3 Be6 28. Bxe6 Kxe6 29. Nd2 Bxe3 30. Rxe3 Rd8 31. Nb3 f5 32. Nc5+ Kf6 33. Nxb7 Rd2+ 34. Kb3 f4 35. Re1 Rxg2 36. Nc5 f3 37. Nxa6 f2 38. Rf1 e4 39. Nc5 e3 40. Ne4+ Ke5 41. Nxf2 exf2 42. a6 Kd5 43. b5 Kc5 44. bxc6 Kxc6 45. Kc4 Kb6 46. Kd5 Rxh2 47. c4 Kxa6 48. c5 Kb7 49. Kd6 Rg2 50. Kd7 Rg1 51. c6+ Kb6 52. Rxf2 Rd1+ 53. Ke6 Kxc6 54. Rc2+ Kb5 55. Kf7 Rg1 56. Ke6 Rg5 57. Rf2 Kc4 58. Kf7 Kd4 59. Kg8 Ke3 60. Rf7 h5 61. Kh7 Ke4 62. Ra7 Kf3 63. Ra3+ Kg2 64. Ra2+ Kh3 65. Ra3+ Rg3 66. Ra1 h4 67. Rh1+ Kg4 68. Kxg7 h3 69. Kf6 Rg2 70. Ra1 h2 71. Rh1 Kg3 72. Ke5 Rg1 0-1


[Site "https://www.chess.com"]

[Event "Titled Tuesday Blitz December 27 Early 2022"]
[White "Orujov, Elshad"]
[Black "Altman, Joshua"]
[WhiteFideId "13403540"]
[BlackFideId "426210"]
[WhiteElo "2304"]
[BlackElo "2120"]
[Result "0-1"]
[Round "05"]
[TimeControl "180+2"]
[Date "2022.12.27"]
[WhiteClock "0:00:04"]
[BlackClock "0:00:16"]

1. e4 e6 2. d4 d5 3. Nd2 Nf6 4. e5 Nfd7 5. Bd3 c5 6. c3 Nc6 7. Ne2 Qb6 8. Nf3 cxd4 9. cxd4 f6 10. exf6 Nxf6 11. O-O Bd6 12. Bf4 Bxf4 13. Nxf4 Qxb2 14. Re1 O-O 15. Rb1 Qxa2 16. Ng5 h6 17. Ngxe6 Bxe6 18. Nxe6 Rf7 19. Ra1 Qb2 20. Rb1 Qa3 21. Bg6 Re7 22. Nc5 Rxe1+ 23. Qxe1 Nxd4 24. Nxb7 Rf8 25. f3 Qa6 26. h3 Ne2+ 27. Kh2 Nf4 28. Bf5 Qa2 29. Qf1 Re8 30. Nd6 Rd8 31. Nb7 Rf8 32. Ra1 Qb2 33. Rxa7 Qe5 0-1


[Site "https://www.chess.com"]

[Event "Titled Tuesday Blitz December 27 Early 2022"]
[White "Pakleza, Zbigniew"]
[Black "Gurevich, Dmitry"]
[WhiteFideId "1119290"]
[BlackFideId "2000407"]
[WhiteElo "2494"]
[BlackElo "2393"]
[Result "1-0"]
[Round "05"]
[TimeControl "180+2"]
[Date "2022.12.27"]
[WhiteClock "0:00:08"]
[BlackClock "0:00:06"]

1. d4 Nf6 2. Nf3 e6 3. Bf4 b6 4. e3 Bb7 5. h3 Be7 6. Nbd2 O-O 7. Bd3 c5 8. c3 cxd4 9. cxd4 d6 10. O-O a6 11. a3 Re8 12. Bh2 Nbd7 13. e4 Nf8 14. Re1 Ng6 15. Qb3 Rb8 16. Rac1 b5 17. Bf1 Rc8 18. Rxc8 Qxc8 19. e5 dxe5 20. dxe5 Nd5 21. Ne4 Qa8 22. Nd6 Bxd6 23. exd6 Rd8 24. Ne5 Nxe5 25. Bxe5 Qc8 26. Rd1 Kh8 27. a4 b4 28. Bg3 Qc6 29. a5 h6 30. Qc4 Qa4 31. Rc1 Qxa5 32. Qh4 f6 33. Bc4 Qc5 34. Rd1 Qc6 35. Bxd5 exd5 36. Qxb4 d4 37. f3 Qd7 38. Qxd4 Rc8 39. Re1 Rc2 40. Re7 Qc6 41. Qg4 1-0


[Site "https://www.chess.com"]

[Event "Titled Tuesday Blitz December 27 Early 2022"]
[White "Pinheiro, Iung Alicio de O."]
[Black "Bazarov, Konstantin"]
[WhiteFideId "2104350"]
[BlackFideId "4137000"]
[WhiteElo "2306"]
[BlackElo "2235"]
[Result "0-1"]
[Round "05"]
[TimeControl "180+2"]
[Date "2022.12.27"]
[WhiteClock "0:00:07"]
[BlackClock "0:00:07"]

1. c4 c6 2. g3 d5 3. Nf3 g6 4. Bg2 Bg7 5. O-O dxc4 6. a4 Nf6 7. Na3 Qd5 8. Ne1 Qc5 9. Qc2 Be6 10. d3 Na6 11. Nxc4 Bxc4 12. Qxc4 Qxc4 13. dxc4 Nb4 14. Nd3 Nxd3 15. exd3 O-O-O 16. Rd1 Nd7 17. Be3 a6 18. Rab1 Ne5 19. Bf1 Nf3+ 20. Kg2 Nd4 21. b4 Rd7 22. b5 axb5 23. cxb5 Rhd8 24. Rdc1 Rc7 25. Bf4 e5 26. Bg5 f6 27. Be3 cxb5 28. axb5 Rxc1 29. Rxc1+ Kb8 30. f4 Nxb5 31. fxe5 fxe5 32. Bb6 Rd6 33. Be3 Nd4 34. Bxd4 Rxd4 35. Be2 Ra4 36. Rb1 Kc7 37. Bf3 Ra2+ 38. Kh3 b6 39. Be4 Rf2 40. Rc1+ Kd7 41. Rc6 Rb2 42. Rc3 Bh6 43. Ra3 Kd6 44. Ra7 Be3 45. Rxh7 g5 46. Kg4 b5 47. h4 gxh4 48. gxh4 b4 49. Rb7 Kc5 50. h5 Rh2 51. Bg6 Bd2 52. Kf5 Kd4 53. Ke6 Kc3 54. Rc7+ Kb2 55. Kxe5 Rh4 56. Bf7 Bf4+ 57. Kf5 Bxc7 58. Kg5 Bd8+ 59. Kg6 Bc7 60. h6 Be5 61. h7 b3 62. Kf5 Bd4 63. Bg8 Rh2 64. Ke4 Kc3 65. Bxb3 Kxb3 66. Kxd4 Rxh7 67. Ke5 Kb4 68. d4 Kb5 69. d5 Kb6 70. Ke6 Kc7 71. d6+ Kd8 72. Kd5 Rh6 73. Kc6 Rg6 74. Kc5 Kd7 75. Kd5 Rxd6+ 76. Ke5 Ke7 77. Kf5 Rd5+ 78. Ke4 Ke6 79. Kf4 Re5 80. Kf3 Kf5 81. Kf2 Kf4 82. Kg2 Rd5 83. Kh3 Rg5 84. Kh4 Rg8 85. Kh5 Rg1 86. Kh6 Kf5 87. Kh7 Kf6 88. Kh8 Kf7 0-1


[Site "https://www.chess.com"]

[Event "Titled Tuesday Blitz December 27 Early 2022"]
[White "Potapova, Margarita"]
[Black "Injac, Teodora"]
[WhiteFideId "14126869"]
[BlackFideId "932400"]
[WhiteElo "2104"]
[BlackElo "2391"]
[Result "1-0"]
[Round "05"]
[TimeControl "180+2"]
[Date "2022.12.27"]
[WhiteClock "0:00:06"]
[BlackClock "0:00:01"]

1. d4 Nf6 2. c4 g6 3. Nc3 Bg7 4. e4 d6 5. h3 O-O 6. Be3 c5 7. Nf3 Na6 8. d5 e6 9. Bd3 exd5 10. exd5 Bf5 11. O-O Bxd3 12. Qxd3 Re8 13. Rfe1 Nc7 14. Bf4 Qd7 15. a4 Rxe1+ 16. Rxe1 Re8 17. Re3 Nh5 18. Bh2 f5 19. b3 f4 20. Rxe8+ Qxe8 21. Ne4 Qe7 22. Nxc5 dxc5 23. d6 Qd7 24. dxc7 Qxd3 25. c8=Q+ Bf8 26. Qe6+ Kh8 27. Bxf4 Nxf4 28. Qf6+ Kg8 29. Qxf4 Qd1+ 30. Kh2 Bd6 31. Ne5 Bxe5 32. Qxe5 Qxb3 33. Qxc5 Qxa4 34. Qc8+ Kg7 35. Qxb7+ Kh6 36. Qd5 Qb4 37. g3 a5 38. c5 Qb2 39. Kg2 a4 40. c6 a3 41. c7 Qc2 42. Qd7 a2 43. c8=Q Qxc8 44. Qxc8 a1=Q 45. Qf8+ Kh5 46. g4+ Kg5 47. f4+ Kh4 48. Qh6# 1-0


[Site "https://www.chess.com"]

[Event "Titled Tuesday Blitz December 27 Early 2022"]
[White "Quinones Garcia, Santiago"]
[Black "Jenkins, Drake"]
[WhiteFideId "4408497"]
[BlackFideId "2022397"]
[WhiteElo "2248"]
[BlackElo "2130"]
[Result "1-0"]
[Round "05"]
[TimeControl "180+2"]
[Date "2022.12.27"]
[WhiteClock "0:00:10"]
[BlackClock "0:00:03"]

1. d4 Nf6 2. c4 c5 3. d5 b5 4. cxb5 a6 5. b6 Qxb6 6. Nc3 g6 7. Nf3 d6 8. e4 Bg7 9. Bd3 O-O 10. O-O a5 11. Nd2 Ba6 12. Nc4 Qc7 13. a4 Nbd7 14. f3 Nb6 15. Nb5 Qd8 16. Ne3 Nfd7 17. Qc2 c4 18. Be2 Rc8 19. Bd2 Na8 20. Bc3 Bxc3 21. bxc3 Bxb5 22. axb5 Qb6 23. Qd2 Qxb5 24. Kh1 Nab6 25. Rfb1 Qa6 26. Nc2 Ra8 27. Nd4 Rfe8 28. Ra3 a4 29. Rb4 Nc5 30. Qe1 Reb8 31. Qf1 Qa7 32. Bxc4 Nxc4 33. Qxc4 Rc8 34. Nc6 Qd7 35. Raxa4 Rxa4 36. Rxa4 Nxa4 37. Qxa4 Kf8 38. h3 h5 39. c4 Qb7 40. Qa3 Rxc6 41. dxc6 Qxc6 42. Qb4 Qc5 43. Qb8+ Kg7 44. Qd8 Kf6 45. Qh8+ Ke6 46. Qc3 Qe5 47. Qb3 Qa1+ 48. Kh2 Qe5+ 49. g3 Qc5 50. Kg2 f5 51. exf5+ gxf5 52. Qd3 Kf6 53. h4 e5 54. Kh3 Ke6 55. g4 fxg4+ 56. fxg4 hxg4+ 57. Kxg4 Qg1+ 58. Kf3 Qh1+ 59. Kg3 Qg1+ 60. Kf3 Qh1+ 61. Kg4 Qg2+ 62. Kh5 1-0


[Site "https://www.chess.com"]

[Event "Titled Tuesday Blitz December 27 Early 2022"]
[White "Rangel, Daniel"]
[Black "Osiecki, Stanislaw"]
[WhiteFideId "2124475"]
[BlackFideId "1102990"]
[WhiteElo "2207"]
[BlackElo "2055"]
[Result "1/2-1/2"]
[Round "05"]
[TimeControl "180+2"]
[Date "2022.12.27"]
[WhiteClock "0:01:07"]
[BlackClock "0:00:26"]

1. d4 Nf6 2. c4 g6 3. Nc3 Bg7 4. e4 d6 5. Nf3 O-O 6. Be2 e5 7. O-O Nbd7 8. d5 a5 9. Qc2 Nc5 10. Ne1 Bg4 11. Bxg4 Nxg4 12. f3 Nf6 13. Be3 b6 14. b3 Nh5 15. Nd3 f5 16. Nxc5 bxc5 17. a3 f4 18. Bf2 g5 19. Rab1 Qd7 20. b4 axb4 21. axb4 cxb4 22. Rxb4 g4 23. fxg4 Qxg4 24. Nb5 f3 25. g3 Qh3 26. Be3 Nxg3 27. hxg3 Qxg3+ 28. Kh1 Qh3+ 29. Kg1 Qg3+ 30. Kh1 Qh3+ 31. Kg1 Qg3+ 1/2-1/2


[Site "https://www.chess.com"]

[Event "Titled Tuesday Blitz December 27 Early 2022"]
[White "Rengifo Blancas, Renzo Jhonathan"]
[Black "Bortnyk, Olexandr"]
[WhiteFideId "3807185"]
[BlackFideId "14120828"]
[WhiteElo "2131"]
[BlackElo "2605"]
[Result "0-1"]
[Round "05"]
[TimeControl "180+2"]
[Date "2022.12.27"]
[WhiteClock "0:00:01"]
[BlackClock "0:01:05"]

1. e4 Nf6 2. e5 Nd5 3. c4 Nb6 4. a4 a5 5. Ra3 d6 6. exd6 cxd6 7. Rg3 g6 8. b3 Bg7 9. d4 Nc6 10. Nf3 h5 11. h4 Bg4 12. Be3 e5 13. Be2 Nd7 14. dxe5 dxe5 15. Ng5 Bxe2 16. Qxe2 O-O 17. O-O Ne7 18. Rd1 Nf5 19. Rh3 Qe7 20. Nc3 Nf6 21. Bb6 Ra6 22. c5 Raa8 23. Nd5 Nxd5 24. Rxd5 Nxh4 25. Ne4 Nf5 26. Nd6 Qe6 27. Rhd3 Nd4 28. Qe4 f5 29. Qh4 Qxd5 30. Qg5 Ne2+ 31. Kh2 Qxd3 32. Qxg6 Nf4 0-1


[Site "https://www.chess.com"]

[Event "Titled Tuesday Blitz December 27 Early 2022"]
[White "Rohith Krishna S"]
[Black "Feng, Eric"]
[WhiteFideId "46617051"]
[BlackFideId "30952590"]
[WhiteElo "2385"]
[BlackElo "1951"]
[Result "0-1"]
[Round "05"]
[TimeControl "180+2"]
[Date "2022.12.27"]
[WhiteClock "0:00:24"]
[BlackClock "0:00:17"]

1. e4 c6 2. d4 d5 3. Nc3 dxe4 4. Nxe4 Bf5 5. Ng3 Bg6 6. h4 h6 7. h5 Bh7 8. Nf3 Nd7 9. Bc4 e6 10. c3 Ngf6 11. a4 Bd6 12. Ne2 Qc7 13. a5 Be4 14. Be3 O-O 15. Nd2 Bd5 16. Bd3 e5 17. Rg1 exd4 18. cxd4 Rae8 19. g4 Bh2 20. g5 Nxh5 21. gxh6 Bxg1 22. hxg7 Kxg7 23. Nxg1 Rxe3+ 24. Kf1 Rxd3 25. Qxh5 Qf4 26. Nh3 Qh6 27. Qg4+ Qg6 28. Qxd7 Bg2+ 29. Ke2 Bxh3 30. Qe7 Rxd4 31. Qe5+ Qf6 32. Qg3+ Bg4+ 33. f3 Re8+ 34. Kd1 Rxd2+ 35. Kxd2 Qd4+ 36. Kc2 Re2+ 37. Kb3 Qd3+ 38. Ka4 Qc4+ 39. b4 Qc2+ 40. Ka3 Re3# 0-1


[Site "https://www.chess.com"]

[Event "Titled Tuesday Blitz December 27 Early 2022"]
[White "Ronka, Erik"]
[Black "Khoroshev, Nikita"]
[WhiteFideId "505080"]
[BlackFideId "14200287"]
[WhiteElo "2276"]
[BlackElo "2336"]
[Result "1-0"]
[Round "05"]
[TimeControl "180+2"]
[Date "2022.12.27"]
[WhiteClock "0:00:13"]
[BlackClock "0:00:13"]

1. d4 Nf6 2. Nf3 g6 3. g3 Bg7 4. Bg2 O-O 5. Kf1 d6 6. b3 c6 7. Bb2 Bf5 8. Nbd2 Ne4 9. Nh4 Nxd2+ 10. Qxd2 Qd7 11. Nxf5 Qxf5 12. e4 Qg4 13. h3 Qd7 14. Kg1 c5 15. c3 Nc6 16. Kh2 cxd4 17. cxd4 Rac8 18. Rac1 e6 19. d5 Bxb2 20. Qxb2 Ne5 21. Qd4 Qe7 22. Rhd1 Rfd8 23. f4 Nd7 24. dxe6 Rxc1 25. Rxc1 Qxe6 26. Qxa7 Nc5 27. e5 Nd3 28. Rd1 dxe5 29. Qe3 Ra8 30. Rxd3 Rxa2 31. Qxe5 Qb6 32. Qe8+ Kg7 33. Qe3 Qc6 34. Rd2 Ra1 35. Bxc6 bxc6 36. Qe5+ 1-0


[Site "https://www.chess.com"]

[Event "Titled Tuesday Blitz December 27 Early 2022"]
[White "Roque Sola, Jose Luis"]
[Black "Vargas, Mauricio"]
[WhiteFideId "5120390"]
[BlackFideId "4404572"]
[WhiteElo "2217"]
[BlackElo "2035"]
[Result "0-1"]
[Round "05"]
[TimeControl "180+2"]
[Date "2022.12.27"]
[WhiteClock "0:00:08"]
[BlackClock "0:01:12"]

1. c4 e5 2. Nc3 Nc6 3. Nf3 f5 4. d3 Nf6 5. g3 Bb4 6. Bd2 Bxc3 7. Bxc3 O-O 8. Nxe5 d6 9. Nxc6 bxc6 10. Bg2 Bd7 11. O-O Qe8 12. a3 Qh5 13. e3 Qh6 14. b4 Rae8 15. Bd2 g5 16. Rb1 Ng4 17. h3 Nf6 18. f4 gxf4 19. exf4 Kh8 20. Qf3 Rg8 21. Bc3 Qg6 22. Kh2 h5 23. Bxf6+ Qxf6 24. Qxh5+ Kg7 25. Rbe1 Rh8 26. Qg5+ Kf7 27. Qxf6+ Kxf6 28. Kg1 Rhg8 29. Kf2 Re7 30. Rxe7 Kxe7 31. Re1+ Kf6 32. Bf3 Rh8 33. Bg2 Rg8 34. h4 Rg4 35. Bh3 Rg8 36. a4 a5 37. b5 cxb5 38. cxb5 Rb8 39. Rc1 Rc8 40. Bg2 Ke7 41. h5 Rh8 42. Bf3 Kd8 43. Rh1 Be6 44. h6 Bb3 45. Bd1 Bxd1 46. Rxd1 Rxh6 47. Kg2 Re6 48. Kf2 Rh6 49. Kg2 Re6 50. Rh1 Re2+ 51. Kf3 Ra2 52. Rh5 Rxa4 53. Rxf5 Rb4 54. g4 Kd7 55. g5 Ke6 56. Rf6+ Ke7 57. Rf5 a4 58. g6 Rb1 59. g7 Rg1 0-1


[Site "https://www.chess.com"]

[Event "Titled Tuesday Blitz December 27 Early 2022"]
[White "Rose, Felix"]
[Black "Tarasova, Viktoriya"]
[WhiteFideId "5105722"]
[BlackFideId "4175840"]
[WhiteElo "2091"]
[BlackElo "2226"]
[Result "0-1"]
[Round "05"]
[TimeControl "180+2"]
[Date "2022.12.27"]
[WhiteClock "0:00:07"]
[BlackClock "0:00:13"]

1. e4 c5 2. Nf3 d6 3. d4 cxd4 4. Nxd4 Nf6 5. Nc3 a6 6. Be3 e5 7. Nb3 Be7 8. f3 Be6 9. Qd2 Nbd7 10. O-O-O O-O 11. g4 b5 12. g5 Nh5 13. Kb1 b4 14. Ne2 a5 15. Ng3 Nf4 16. h4 a4 17. Nc1 f6 18. gxf6 Nxf6 19. Bxf4 exf4 20. Qxf4 Nh5 21. Nxh5 Rxf4 22. Nxf4 Bf7 23. Nd5 a3 24. b3 Bxd5 25. Rxd5 Ra5 26. Rd4 Qb6 27. Bc4+ Kf8 28. Rhd1 Rh5 29. f4 Rxh4 30. e5 dxe5 31. Rd5 Rxf4 32. Rxe5 g6 33. Rb5 Qc7 34. Nd3 Rf5 0-1


[Site "https://www.chess.com"]